 Dungeon Crawl Stone Soup version 0.27-a0-686-gaed091b46b (webtiles) character file.

Game seed: 2563784621847937002

294 DarkShadow the Slasher (level 6, -3/48 HPs)
             Began as a Barachi Fighter on Mar 21, 2021.
             Slain by an ogre
             ... wielding a +0 giant club
              (24 damage)
             ... on level 4 of the Dungeon.
             The game lasted 00:14:27 (4917 turns).

DarkShadow the Slasher (Barachi Fighter)            Turns: 4917, Time: 00:14:28

Health: -3/48      AC:  8    Str: 19    XL:     6   Next: 33%
Magic:  6/6        EV:  7    Int:  9    God:
Gold:   101        SH:  9    Dex: 11    Spells: 5/5 levels left

rFire    . . .     SeeInvis .   a - +0 long sword
rCold    . . .     Faith    .   c - +0 kite shield
rNeg     . . .     Spirit   .   b - +0 scale mail
rPois    .         Reflect  .   e - +0 helmet
rElec    .         Harm     .   (no cloak)
rCorr    .         Rampage  .   (no gloves)
Will     .....                  (no boots)
Stlth    ..........             (no amulet)
HPRegen  0.16/turn              l - ring of flight
MPRegen  0.10/turn              (no ring)

@: mighty, slow
A: +LOS, amphibious, slowness 1, strong legs 1
a: Hop, Evoke Flight


You were on level 4 of the Dungeon.
You visited 1 branch of the dungeon, and saw 4 of its levels.

You collected 101 gold pieces.

Inventory:

Hand Weapons
 a - a +0 long sword (weapon)
 r - a +0 great sword
Armour
 b - a +0 scale mail (worn)
 c - a +0 kite shield (worn)
 e - a +0 helmet (worn)
Jewellery
 l - a ring of flight (right hand)
Scrolls
 g - 2 scrolls of amnesia {unknown}
 h - a scroll of noise {unknown}
 i - a scroll of teleportation {unknown}
 j - a scroll of fear {unknown}
 k - a scroll of acquirement {unknown}
 n - a scroll of holy word {unknown}
Potions
 d - 2 potions of might
 m - a potion of magic
 o - a potion of cancellation
 p - a potion of curing
 q - a potion of resistance {unknown}


   Skills:
 + Level 4.3 Fighting
 + Level 5.6 Long Blades
 + Level 4.7 Armour
 + Level 1.0 Dodging
 + Level 0.3 Stealth
 + Level 4.4 Shields


You had 5 spell levels left.
You didn't know any spells.
Your spell library contained the following spells:

 Spells                   Type           Power      Damage    Failure   Level
 Sandblast                Erth           0%         2d4       99%         1


Dungeon Overview and Level Annotations

Branches:
Dungeon (4/15)
 Temple: D:4-7

Altars:
Nemelex Xobeh
Sif Muna


Innate Abilities, Weirdness & Mutations

You can be seen from farther away. (+LOS)
You are amphibious.
You cover ground slowly.
You can hop short distances.


Message History

There is a stone staircase leading down here.
You climb downwards.
There is a stone staircase leading up here.
There is a stone staircase leading up here.
An iguana comes into view.
The iguana hisses angrily.
You slash the iguana!
The iguana is heavily wounded.
You block the iguana's attack.
The iguana bites you but does no damage.
You hit the iguana but do no damage.
The iguana is heavily wounded.
The iguana bites you!
You hit the iguana.
The iguana is severely wounded.
The iguana bites you!
You hit the iguana but do no damage.
The iguana is severely wounded.
The iguana closely misses you.
You barely miss the iguana.
The iguana is severely wounded.
You block the iguana's attack. x2
You slash the iguana!
You kill the iguana!
You see here an iguana corpse.
You start resting.
HP restored.
An ogre comes into view. It is wielding a +0 giant club.
The ogre shouts!
You feel very mighty all of a sudden.
You closely miss the ogre. The ogre hits you with a +0 giant club!
You barely miss the ogre. You block the ogre's attack. x2
You hit the ogre.
The ogre is lightly wounded.
The ogre hits you with a +0 giant club!
You hit the ogre.
The ogre is moderately wounded.
The ogre hits you with a +0 giant club!!
Ouch! That really hurt!
You die...

#.# #.# ##.## #...#
## # ##.## ...#.
##### #.# ......
##...###.#
.......####..#..##.#
.......O@...###.##.#
.....######.†#.....#
.. ##...##### #####


You could see an ogre.

Vanquished Creatures
  A water moccasin zombie (D:3)
  An iguana (D:4)
  A worker ant (D:3)
  2 orc wizards (D:3)
  A gnoll (D:1)
  4 adders
  2 oozes (D:1)
  2 worms (D:2)
  3 dart slugs
  2 leopard geckos
  4 orcs (D:3)
  9 bats
  A giant cockroach (D:3)
  8 hobgoblins
  3 jackals (D:1)
  A quokka (D:3)
  4 frilled lizards
  11 goblins
  5 kobolds
  6 rats
71 creatures vanquished.

Vanquished Creatures (others)
  7 fungi (D:4)
  5 plants (D:4)
12 creatures vanquished.

Grand Total: 83 creatures vanquished

Notes
Turn   | Place    | Note
-------+----------+-------------------------------------------
     0 | D:1      | DarkShadow the Barachi Fighter began the quest for the Orb.
     0 | D:1      | Reached XP level 1. HP: 18/18 MP: 1/1
     2 | D:1      | Noticed an octopode
     4 | D:1      | Noticed a human
     4 | D:1      | Noticed an ogre
     6 | D:1      | Noticed a demonspawn
     6 | D:1      | Noticed a merfolk
     8 | D:1      | Noticed a felid
     8 | D:1      | Noticed a centaur
    10 | D:1      | Noticed a troll
    10 | D:1      | Noticed a halfling
    12 | D:1      | Noticed a ghoul
    12 | D:1      | Noticed a vampire
    14 | D:1      | Noticed a formicid
    16 | D:1      | Noticed a spriggan
    16 | D:1      | Noticed a demigod
    18 | D:1      | Noticed a draconian
    20 | D:1      | Noticed a naga
    20 | D:1      | Noticed a vine stalker
    22 | D:1      | Noticed an elf
    22 | D:1      | Noticed a dwarf
    24 | D:1      | Noticed a tengu
    26 | D:1      | Noticed a gargoyle
    26 | D:1      | Noticed a minotaur
   106 | D:1      | Reached XP level 2. HP: 14/25 MP: 2/2
   399 | D:1      | Reached skill level 3 in Long Blades
   399 | D:1      | Reached XP level 3. HP: 19/30 MP: 3/3
  1157 | D:2      | Reached XP level 4. HP: 18/37 MP: 4/4
  2588 | D:2      | Found a sparkling altar of Nemelex Xobeh.
  3414 | D:3      | Reached skill level 4 in Long Blades
  3498 | D:3      | Found a shimmering blue altar of Sif Muna.
  3516 | D:3      | Reached XP level 5. HP: 26/42 MP: 5/5
  3517 | D:3      | Identified Sif Muna's Tome of the Mountains
  3806 | D:3      | Reached skill level 5 in Long Blades
  4168 | D:3      | Reached XP level 6. HP: 48/48 MP: 6/6
  4494 | D:3      | Reached skill level 1 in Dodging
  4917 | D:4      | Slain by an ogre

Illustrated notes

Levels and vault maps discovered:
D:1:      kb_arrival_jail, layout_loops_ring
D:2:      layout_basic, nemelex_altar_shiori
D:3:      layout_rooms, led_sif_book, chequers_garden
D:4:      layout_loops_corners, serial_shops, kennysheep_little_box, shop, shop,
          nicolae_shop_statue_plus, serial_aquarium,
          aquarium_bridge_island_small [aquarium_subvault_small_water,
          aquarium_subvault_wall, aquarium_subvault_bridge,
          aquarium_subvault_bridge, aquarium_subvault_window],
          aquarium_window_1, aquarium_window_1, aquarium_window_1,
          aquarium_window_2, aquarium_view_2b, serial_bayou_ford_a,
          uniq_crazy_yiuf_cottage, uniq_grinder, uniq_duvessa

Skill      XL: |  1  2  3  4  5  6 |
---------------+-------------------+-----
Fighting       | 4 |  4.3
Long Blades    | 3 4 5 |  5.6
Armour         | 4 |  4.7
Shields        | 4 |  4.4
Dodging        | 1 |  1.0
Stealth        | |  0.3

Action                   |  1- 3 |  4- 6 || total
-------------------------+-------+-------++-------
Melee: Long sword        |    97 |   174 ||   271
  Use: Potion            |       |     3 ||     3
       Scroll            |       |     3 ||     3
Armor: Scale mail        |    71 |    93 ||   164
Dodge: Dodged            |    36 |    66 ||   102
Block: Kite shield       |    70 |   108 ||   178
       Rpst.: Long sword |    12 |    21 ||    33

Table legend: (Time is in decaauts)
 A = Elapsed time spent in this place.
 B = Non-inter-level travel time spent in this place.
 C = Inter-level travel time spent in this place.
 D = Time resting spent in this place.
 E = Time spent auto-exploring this place.
 F = Levels seen in this place.
 G = Mean time per level.
                   A        B        C        D        E       F      G
               +--------+--------+--------+--------+--------+-----+--------+
         Total |   5507 |   5507 |      0 |   2016 |   1186 |   4 | 1376.8 |
       Dungeon |   5507 |   5507 |      0 |   2016 |   1186 |   4 | 1376.8 |
               +--------+--------+--------+--------+--------+-----+--------+

Top non-repeatable levels by time:
     D:2: 2433 daAuts
     D:3: 1616 daAuts
     D:1: 1291 daAuts
     D:4: 165 daAuts
